Map: 2000 Atmospheres LE

Players

Scarlett - Winner!

  • Race: Zerg Zerg

Astrea

  • Race: Protoss Protoss

Event: DreamHack SC2 Masters 2021 Fall

VOD

Have the link to the VOD?

Description

Time

  • Played on: Aug. 15, 2021, 3:41 p.m.
  • Length: 13:40

All games in this series

Show
View Real Time Build Order
Export as new Build Order

Scarlett Zerg - Winner!

Build Orders: Hatch First, Lurkers 

Get SALT Encoding   

  12  0:00  Drone  
  13  0:12  Overlord  
  13  0:16  Drone  
  14  0:30  Drone x2  
  16  0:47  Hatchery  
  15  0:51  Drone  
  15  0:54  Drone  
  17  0:58  Drone  
  18  1:08  Extractor  
  17  1:14  Spawning Pool  
  17  1:18  Drone  
  17  1:20  Drone  
  18  1:28  Drone  
  19  1:39  Drone  
  20  1:51  Drone  
  21  2:01  Queen x2, Zergling x2  
  23  2:02  Overlord  
  26  2:10  Drone  
  26  2:11  Drone  
  26  2:14  Metabolic Boost  
  28  2:21  Drone x2  
  30  2:33  Zergling x2  
  30  2:36  Hatchery  
  30  2:40  Drone  
  31  2:45  Queen  
  31  2:49  Overlord  
  33  2:53  Drone x2  
  35  3:08  Drone x3  
  38  3:13  Drone x3  
  38  3:16  Overlord  
  41  3:20  Queen, Overlord  
  43  3:29  Overlord  
  43  3:33  Overlord  
  43  3:35  Queen  
  45  3:42  Zergling x8  
  45  3:48  Zergling x2  
  50  3:50  Zergling x2, Queen  
  50  3:52  Spore Crawler, Drone  
  50  3:54  Drone  
  54  3:56  Drone x2  
  56  4:12  Drone x5  
  56  4:15  Drone x3  
  64  4:18  Overlord  
  64  4:24  Drone x6  
  70  4:28  Overlord  
  70  4:30  Drone x2  
  72  4:36  Extractor, Roach Warren  
  70  4:41  Queen  
  70  4:43  Drone x4  
  76  4:46  Drone x2  
  76  4:50  Drone x3  
  81  4:54  Drone x4  
  85  5:00  Lair  
  85  5:02  Extractor  
  85  5:03  Overlord  
  85  5:04  Drone x3  
  87  5:11  Extractor  
  86  5:16  Hatchery  
  86  5:19  Drone x4  
  86  5:20  Drone  
  90  5:23  Extractor x2  
  90  5:25  Drone  
  90  5:26  Drone x8  
  97  5:32  Evolution Chamber  
  97  5:34  Overlord  
  96  5:39  Spore Crawler x2  
  96  5:42  Overlord x3  
  94  5:57  Drone x6  
  94  5:58  Drone x2, Overlord x3  
  94  6:01  Zerg Missile Weapons Level 1  
  102  6:08  Glial Reconstitution  
  102  6:10  Infestation Pit  
  101  6:17  Roach  
  101  6:18  Roach x7  
  117  6:32  Drone  
  118  6:34  Roach x7  
  132  6:41  Overlord x3  
  132  6:44  Overlord x4  
  132  6:50  Hydralisk Den  
  131  6:58  Overlord, Roach x3  
  131  6:59  Overlord  
  135  7:03  Ravager x6  
  135  7:04  Roach x6  
  151  7:15  Spore Crawler  
  150  7:17  Roach x9  
  150  7:18  Roach  
  150  7:22  Hive  
  170  7:26  Roach x3  
  170  7:29  Overseer  
  176  7:33  Roach x3  
  176  7:36  Drone x5  
  187  7:38  Extractor  
  187  7:39  Extractor  
  185  7:46  Drone  
  185  7:47  Drone x8  
  186  7:59  Roach x7  
  189  8:06  Roach x2  
  189  8:10  Roach x3  
  189  8:11  Roach x5  
  193  8:17  Lurker Den  
  171  8:24  Roach x6  
  164  8:32  Zergling x8  
  164  8:33  Zergling x2, Zerg Missile Weapons Level 2  
  169  8:35  Viper, Spine Crawler  
  169  8:37  Evolution Chamber  
  169  8:40  Viper  
  173  8:44  Zergling x14  
  180  8:52  Hatchery  
  180  8:53  Roach x4  
  187  8:59  Adrenal Glands  
  187  9:01  Extractor  
  186  9:03  Zergling x2  
  186  9:04  Zergling x6  
  190  9:15  Seismic Spines  
  190  9:16  Zerg Ground Armor Level 1, Drone  
  190  9:17  Drone  
  182  9:23  Roach x4  
  189  9:29  Roach  
  189  9:30  Roach x4  
  197  9:33  Overseer  
  183  9:41  Roach x2  
  183  9:42  Roach x5  
  183  9:44  Drone  
  183  9:45  Drone x2  
  185  9:53  Hydralisk x4  
  193  10:05  Hydralisk x3  
  197  10:10  Extractor  
  197  10:12  Adaptive Talons  
  197  10:13  Extractor  
  190  10:15  Hydralisk  
  190  10:16  Hydralisk x2  
  190  10:17  Overlord x2  
  190  10:18  Overseer  
  192  10:28  Overlord x2  
  183  10:29  Hydralisk x3  
  181  10:46  Lurker x5  
  181  10:47  Zergling x34  
  199  10:51  Spine Crawler  
  199  10:55  Spore Crawler, Lurker x2  
  199  11:00  Spore Crawler  
  199  11:02  Spore Crawler  
  195  11:07  Overseer  
  184  11:18  Drone x6  
  182  11:24  Lurker x6  
  189  11:31  Zergling x20  
  199  11:37  Spore Crawler x2  
  197  11:40  Spine Crawler  
  197  11:41  Spine Crawler  
  197  11:46  Muscular Augments  
  191  11:55  Zergling x2  
  191  11:56  Zergling x16  
  184  12:13  Zergling x26  
  185  12:23  Queen  
  185  12:25  Hydralisk x5  
  185  12:29  Overseer x2  
  161  12:51  Hydralisk x9  
  155  13:07  Drone x3  
  155  13:08  Drone x8  
  154  13:27  Lurker x9  
Show
View Real Time Build Order
Export as new Build Order

Astrea Protoss 

Build Orders: 1 Gate Expand, Oracle Opening 

Get SALT Encoding   

  12  0:00  Probe  
  13  0:12  Probe  
  14  0:17  Pylon  
  14  0:24  Probe (Chrono Boost)  
  15  0:36  Probe (Chrono Boost)  
  15  0:39  Gateway  
  16  0:44  Probe (Chrono Boost)  
  16  0:46  Assimilator  
  17  0:51  Probe  
  18  1:03  Probe  
  19  1:15  Probe  
  20  1:22  Nexus  
  20  1:27  Probe  
  21  1:35  Cybernetics Core  
  22  1:42  Assimilator  
  22  1:43  Probe  
  22  1:52  Pylon  
  22  1:56  Probe  
  23  2:07  Probe  
  23  2:09  Adept (Chrono Boost)  
  23  2:15  Probe  
  26  2:20  Stargate  
  27  2:25  Probe (Chrono Boost)  
  27  2:27  Warp Gate  
  28  2:32  Adept  
  28  2:35  Probe (Chrono Boost)  
  32  2:42  Probe (Chrono Boost)  
  33  2:44  Probe (Chrono Boost)  
  33  2:49  Probe x2 (Chrono Boost)  
  34  2:55  Void Ray (Chrono Boost)  
  35  3:00  Probe  
  35  3:01  Probe  
  41  3:06  Adept  
  41  3:11  Pylon  
  43  3:13  Probe x2  
  45  3:25  Probe  
  46  3:29  Probe  
  46  3:32  Oracle (Chrono Boost)  
  50  3:37  Probe  
  51  3:42  Nexus, Probe  
  51  3:45  Pylon  
  52  3:49  Probe  
  52  3:54  Probe  
  54  3:58  Assimilator  
  54  4:01  Assimilator  
  54  4:02  Pylon  
  54  4:03  Probe  
  54  4:08  Probe  
  56  4:14  Forge, Twilight Council  
  56  4:16  Probe  
  57  4:19  Gateway  
  57  4:20  Probe  
  58  4:28  Probe  
  59  4:32  Blink, Probe  
  59  4:36  Gateway x2  
  60  4:40  Probe  
  60  4:43  Sentry  
  60  4:44  Probe  
  64  4:48  Protoss Ground Weapons Level 1 (Chrono Boost), Robotics Facility  
  64  4:52  Probe  
  65  4:56  Probe  
  65  4:58  Probe  
  67  5:04  Probe  
  68  5:08  Probe  
  68  5:09  Pylon  
  68  5:10  Probe  
  68  5:13  Sentry x2  
  74  5:16  Probe  
  74  5:21  Probe  
  76  5:23  Probe  
  76  5:26  Pylon  
  78  5:28  Probe  
  78  5:33  Gateway x2, Probe  
  78  5:35  Probe  
  80  5:37  Sentry  
  80  5:38  Stalker x2  
  80  5:40  Probe  
  87  5:44  Assimilator  
  87  5:45  Probe  
  87  5:47  Pylon, Probe  
  89  5:52  Probe  
  90  5:57  Probe  
  90  5:59  Probe  
  90  6:00  Observer (Chrono Boost)  
  90  6:01  Stalker x2  
  90  6:02  Stalker x2  
  101  6:04  Assimilator  
  101  6:05  Probe  
  101  6:09  Probe  
  103  6:11  Photon Cannon  
  103  6:12  Pylon  
  103  6:15  Robotics Bay  
  103  6:20  Warp Prism  
  103  6:24  Charge  
  105  6:29  Stalker x2  
  109  6:34  Pylon  
  109  6:35  Pylon  
  109  6:44  Stalker x4  
  117  6:50  Pylon  
  117  6:52  Protoss Ground Weapons Level 2 (Chrono Boost)  
  117  6:55  Pylon  
  113  7:09  Disruptor (Chrono Boost)  
  113  7:11  Nexus  
  113  7:12  Robotics Facility  
  113  7:14  Stalker  
  115  7:18  Zealot x4  
  123  7:23  Shield Battery  
  123  7:25  Pylon  
  123  7:36  Stalker  
  125  7:41  Stalker x5  
  125  7:42  Disruptor (Chrono Boost)  
  138  7:56  Probe  
  139  8:00  Disruptor (Chrono Boost)  
  139  8:04  Stalker  
  134  8:13  Stalker x5  
  134  8:14  Probe  
  140  8:23  Disruptor (Chrono Boost)  
  136  8:30  Nexus  
  136  8:32  Pylon, Disruptor (Chrono Boost)  
  139  8:39  Photon Cannon  
  139  8:40  Shield Battery  
  139  8:42  Stalker x5  
  149  8:52  Disruptor  
  149  8:53  Gateway  
  152  8:55  Gateway  
  148  9:16  Disruptor  
  145  9:18  Protoss Ground Weapons Level 3  
  145  9:21  Zealot x6  
  157  9:28  Templar Archives  
  157  9:33  Probe x2  
  157  9:35  Probe  
  150  9:45  Disruptor, Probe  
  137  9:46  Probe x2  
  137  9:47  Probe  
  137  9:49  Assimilator  
  137  9:51  Assimilator, Disruptor  
  145  9:55  Photon Cannon  
  145  9:56  Stalker x5  
  145  9:57  Photon Cannon, Probe  
  145  9:58  Probe  
  151  10:28  Disruptor (Chrono Boost)  
  146  10:30  Stalker x8  
  153  10:38  Disruptor (Chrono Boost)  
  156  10:59  Psionic Storm, Zealot x3  
  156  11:00  Zealot x5  
  156  11:03  Disruptor (Chrono Boost)  
  172  11:04  Pylon  
  172  11:05  Pylon  
  172  11:06  Pylon  
  171  11:18  Observer (Chrono Boost)  
  168  11:21  Zealot x4  
  168  11:22  Zealot x2  
  168  11:23  Zealot x2  
  173  11:33  Observer  
  173  11:39  Fleet Beacon  
  173  11:40  Observer  
  173  11:41  Stargate  
  173  11:43  Stargate  
  173  11:44  High Templar  
  173  11:46  High Templar  
  178  11:48  Photon Cannon  
  178  11:49  Photon Cannon  
  178  11:51  Shield Battery  
  175  12:08  Nexus  
  173  12:15  Stalker x4  
  165  12:17  Zealot x2  
  165  12:18  Zealot  
  177  12:30  Photon Cannon, Carrier (Chrono Boost)  
  177  12:31  Photon Cannon  
  177  12:32  Shield Battery  
  177  12:33  Pylon  
  173  12:37  Archon, Zealot  
  173  12:41  Zealot x6  
  137  13:05  Zealot x3  
  144  13:12  Zealot x2  

Tags
 
Add a new tag
Caveats
  • Supply blocks, unpowered buildings, or Contaminate may cause inaccurate times.
  • Supply counts are checked every 10 seconds.